 Dungeon Crawl Stone Soup version 0.30-a0-802-gb92711bcdf (webtiles) character file.

Game seed: 5360283400463301175

44 domi the Conjurer (level 3, -1/24 HPs)
             Began as a Demonspawn Conjurer on Feb 24, 2023.
             Slain by Robin
             ... wielding a +0 spear
              (4 damage)
             ... on level 2 of the Dungeon.
             The game lasted 00:02:26 (1758 turns).

domi the Conjurer (Demonspawn Conjurer)             Turns: 1758, Time: 00:02:27

Health: -1/24      AC:  3    Str:  7    XL:     3   Next: 39%
Magic:  4/6        EV: 12    Int: 21    God:
Gold:   61         SH:  0    Dex: 11    Spells: 3/6 levels left

rFire   . . .      SeeInvis .    (no weapon)
rCold   . . .      Faith    .    (no shield)
rNeg    . . .      Spirit   .    a - +0 robe
rPois   .          Reflect  .    (no helmet)
rElec   .          Harm     .    g - +0 cloak
rCorr   .          Rampage  .    (no gloves)
Will    .....                    (no boots)
Stlth   ++                       (no amulet)
HPRegen 0.24/turn                (no ring)
MPRegen 0.10/turn                (no ring)

@: no status effects
A: claws 1
a: no special abilities


You were on level 2 of the Dungeon.
You visited 1 branch of the dungeon, and saw 2 of its levels.

You collected 61 gold pieces.

Inventory:

Armour
 a - a +0 robe (worn)
 g - a +0 cloak (worn)
   (You found it on level 1 of the Dungeon)
Scrolls
 c - a scroll of noise {unknown}
 e - a scroll of teleportation {unknown}
 f - a scroll of identify {unknown}
 i - a scroll of amnesia {unknown}
 j - a scroll of vulnerability {unknown}
 k - a scroll of fear {unknown}
Potions
 d - a potion of might {unknown}
 h - a potion of degeneration {unknown}


   Skills:
 - Level 1.7 Dodging
 - Level 1.7 Stealth
 - Level 2.0 Spellcasting
 + Level 5.2 Conjurations


You had 3 spell levels left.
You knew the following spells:

 Your Spells              Type           Power      Damage    Failure   Level
x - Searing Ray           Conj           48%        2d6       2%          2
z - Magic Dart            Conj           96%        1d7       1%          1

Your spell library contained the following spells:

 Spells                   Type           Power      Damage    Failure   Level
 Dazzling Flash           Conj/Hex       26%        N/A       16%         3
 Fulminant Prism          Conj/Hex       6%         3d6       45%         4
 Iskenderun's Mystic Bla  Conj/Tloc      13%        2d5       45%         4


Dungeon Overview and Level Annotations

Branches:
Dungeon (2/15)

Altars:

Annotations:
D:2 Robin


Innate Abilities, Weirdness & Mutations

You have sharp fingernails.


Message History

Robin roars a battlecry!
The goblin goes into a battle-frenzy!
You hear an angry hiss.
The goblin attacks as you move away! The goblin hits you but does no damage.
The goblin attacks as you move away! The goblin barely misses you.
The goblin no longer looks unusually strong.
The goblin attacks as you move away! The goblin hits you with a +0 club.
The goblin attacks as you move away! The goblin barely misses you.
Robin roars a battlecry!
The goblin goes into a battle-frenzy!
The goblin attacks as you move away! The goblin hits you but does no damage.
The goblin attacks as you move away! The goblin misses you.
The goblin attacks as you move away! The goblin hits you but does no damage.
The goblin hits you with a +0 club. The goblin attacks as you move away!
The goblin barely misses you. The goblin attacks as you move away!
The goblin hits you with a +0 club.
* * * LOW HITPOINT WARNING * * *
The goblin no longer looks unusually strong.
You see here a ball python corpse.
The goblin attacks as you move away! The goblin misses you.
The goblin attacks as you move away! The goblin hits you with a +0 club.
* * * LOW HITPOINT WARNING * * *
The goblin attacks as you move away! The goblin barely misses you.
The goblin no longer looks unusually strong.
The goblin attacks as you move away! The goblin closely misses you.
A ball python comes into view.
The goblin attacks as you move away! The goblin hits you with a +0 club.
* * * LOW HITPOINT WARNING * * *
The goblin attacks as you move away! The goblin closely misses you.
Robin roars a battlecry!
The goblins go into a battle-frenzy!
The ball python bites you.
* * * LOW HITPOINT WARNING * * *
The ball python completely misses you. The goblin attacks as you move away!
The goblin misses you. The ball python barely misses you.
The ball python completely misses you.
The ball python attacks as you move away!
The ball python closely misses you. The ball python misses you.
The goblin attacks as you move away! The goblin closely misses you.
The ball python bites you.
* * * LOW HITPOINT WARNING * * *
The ball python grabs you. The ball python constricts you.
You escape the ball python's grasp.
Aim: a goblin, wielding a +0 club (strong, 72% to hit)
The searing ray hits the ball python.
You kill the ball python!
The searing ray hits the goblin.
You kill the goblin! (Press . to maintain the ray.)
The searing ray hits the goblin!
You kill the goblin!
Aim: a hobgoblin (strong, 79% to hit)
Okay, then.
There is an open door here.
The hobgoblin no longer looks unusually strong.
Robin roars a battlecry!
The hobgoblin goes into a battle-frenzy!
Which direction?
You close the door.
The endoplasm barely misses you. The endoplasm hits you.
A goblin comes into view. It is wielding a +0 club.
The goblin shouts!
The endoplasm hits you but does no damage.
The endoplasm attacks as you move away! The endoplasm barely misses you.
The goblin hits you but does no damage. The endoplasm attacks as you move away!
The endoplasm hits you but does no damage.
Aim: an endoplasm (98% to hit)
The searing ray hits the goblin!
You kill the goblin!
The searing ray hits the endoplasm. (Press . to maintain the ray.)
The hobgoblin shouts!
You hear a shout!
The hobgoblin hits you but does no damage.
You hear an angry hiss.
The searing ray hits the endoplasm!
You kill the endoplasm!
A hobgoblin comes into view.
The hobgoblin hits you but does no damage.
The searing ray hits the hobgoblin.
The hobgoblin hits you.
* * * LOW HITPOINT WARNING * * *
The hobgoblin closely misses you.
Without enough magic to sustain it, your searing ray dissipates.
The hobgoblin hits you.
* * * LOW HITPOINT WARNING * * *
The hobgoblin barely misses you.
Unknown command.
Magic courses through your body. The hobgoblin hits you.
* * * LOW HITPOINT WARNING * * *
Robin closely misses you.
The hobgoblin hits you but does no damage.
Okay, then.
Aim: Robin, wielding a +0 spear, wearing a +0 animal skin and wearing a +1 helmet (heavily wounded, 85% to hit)
The searing ray misses the hobgoblin.
The searing ray hits Robin. (Press . to maintain the ray.)
The hobgoblin barely misses you.
Robin hits you from afar with a +0 spear.
You die...

#####g##....##))...#
#....##....##.....# .###
#)...########g<...# .....
##....# #.......# .....
#.....# #...g...# .....#
#g##### #.......# >..... #.#
#...g...# ......######g#####
#.......# ..........##gg@g.#
#.......# ........#....###.#
######.## ####.#..#.##.# #
###.## #.......###.#
#.#########.....
#...........#
#.........#g#.##
#.........##########..#.#.#.#
#..............g.gg#..#.#†#.#
#..........#######....#.#.#.#
###......#.##########.#.#g#.#


You could see Robin and 3 hobgoblins.

Vanquished Creatures
  A dart slug (D:1)
  4 endoplasms
  A giant cockroach (D:1)
  9 goblins
  3 hobgoblins
  4 kobolds
  5 ball pythons
  6 bats
  3 rats (D:1)
36 creatures vanquished.

Notes
Turn   | Place    | Note
-------+----------+-------------------------------------------
     0 | D:1      | domi the Demonspawn Conjurer began the quest for the Orb.
     0 | D:1      | Reached XP level 1. HP: 13/13 MP: 3/3
   367 | D:1      | Gained mutation: You have sharp fingernails. [demonic
                  | ancestry]
   367 | D:1      | Reached XP level 2. HP: 12/19 MP: 0/5
  1314 | D:2      | Reached skill level 5 in Conjurations
  1344 | D:2      | Reached XP level 3. HP: 24/24 MP: 4/6
  1406 | D:1      | Learned a level 2 spell: Searing Ray
  1679 | D:2      | Noticed Robin
  1718 | D:2      | HP: 6/24 [goblin/+0 club[Robin] (2)]
  1726 | D:2      | HP: 6/24 [goblin/+0 club[Robin] (2)]
  1731 | D:2      | HP: 5/24 [ball python (1)]
  1755 | D:2      | HP: 6/24 [hobgoblin[Robin] (4)]
  1757 | D:2      | HP: 2/24 [hobgoblin[Robin] (2)]
  1758 | D:2      | Slain by Robin

Illustrated notes

Levels and vault maps discovered:
D:1:      nicolae_arrival_memento_mori, layout_loops_corners, serial_aquarium,
          aquarium_bridge_straight [aquarium_subvault_bridge,
          aquarium_subvault_wall, aquarium_subvault_bridge,
          aquarium_subvault_wall], aquarium_bridge_square
          [aquarium_subvault_wall, aquarium_subvault_balcony,
          aquarium_subvault_bridge, aquarium_subvault_window],
          aquarium_window_3, aquarium_window_2, aquarium_window_corner,
          aquarium_window_2, aquarium_view_2c, aquarium_view_2b,
          corexii_hall_statues_i
D:2:      layout_basic, minivault_4, uniq_terence, uniq_robin

Skill      XL: |  1  2 |
---------------+-------+-----
Conjurations   | 5 |  5.2
Dodging        | |  1.7
Stealth        | |  1.7
Spellcasting   | |  2.0

Action                     || total
---------------------------++-------
  Melee: Unarmed           ||     8
   Cast: Magic Dart        ||    59
         Searing Ray       ||     3
    Use: Potion            ||     1
 Armour: Robe              ||    15
  Dodge: Dodged            ||    31

Table legend: (Time is in decaauts)
 A = Elapsed time spent in this place.
 B = Non-inter-level travel time spent in this place.
 C = Inter-level travel time spent in this place.
 D = Time resting spent in this place.
 E = Time spent auto-exploring this place.
 F = Levels seen in this place.
 G = Mean time per level.
                   A        B        C        D        E       F      G
               +--------+--------+--------+--------+--------+-----+--------+
         Total |   1758 |   1736 |     22 |    135 |   1392 |   2 |  879.0 |
       Dungeon |   1758 |   1736 |     22 |    135 |   1392 |   2 |  879.0 |
               +--------+--------+--------+--------+--------+-----+--------+

Top non-repeatable levels by time:
     D:1: 1350 daAuts
     D:2: 407 daAuts

Table legend:
 A = Kills in this place as a percentage of kills in entire the game.
 B = Kills by you in this place as a percentage of kills by you in the entire game.
 C = Kills by friends in this place as a percentage of kills by friends in the entire game.
 D = Other kills in this place as a percentage of other kills in the entire game.
 E = Experience gained in this place as a percentage of experience gained in the entire game.
 F = Experience gained in this place divided by the number of levels of this place that you have seen.
                   A       B       C       D       E      F
               +-------+-------+-------+-------+-------+----------------------
         Total | 100.0 | 100.0 |   N/A |   N/A | 100.0 |  31.5
       Dungeon | 100.0 | 100.0 |   N/A |   N/A | 100.0 |  31.5
               +-------+-------+-------+-------+-------+----------------------
